 Dungeon Crawl Stone Soup version 0.30-a0-313-gae38170b09 (webtiles) character file.

Game seed: 17733615258965758997

10858 Angani the Grappler (level 11, -5/73 HPs)
             Began as a Black Draconian Chaos Knight on Oct 26, 2022.
             Was a Plaything of Xom.
             Killed by divine providence
             ... invoked by an orc priest
              (11 damage)
             ... on level 10 of the Dungeon.
             The game lasted 00:21:37 (10322 turns).

Angani the Grappler (Black Draconian Chaos Knight) Turns: 10322, Time: 00:21:38

Health: -5/73      AC: 12    Str: 13    XL:     11   Next: 41%
Magic:  11/11      EV: 30    Int: 13    God:    Xom [..*...]
Gold:   199        SH:  0    Dex: 18    Spells: 10/10 levels left

rFire   . . .      SeeInvis .      - Unarmed
rCold   . . .      Faith    .    (no shield)
rNeg    . . .      Spirit   .    (body armour unavailable)
rPois   .          Reflect  .    (helmet restricted)
rElec   +          Harm     .    s - +0 cloak
rCorr   .          Rampage  .    B - +2 pair of gloves
Will    +++..                    l - +0 pair of boots
Stlth   ++........               G - amulet of Maugiam {Acrobat Will+ Dex+4}
HPRegen 0.32/turn                t - ring of willpower
MPRegen 0.12/turn                J - ring of willpower

@: about to teleport, short of breath, acrobatic
A: breathe lightning, AC +7, unfitting armour, electricity resistance,
cold-blooded, frail 2, weak 1
a: Breathe Lightning, Renounce Religion


You were on level 10 of the Dungeon.
You worshipped Xom.
You were a toy of Xom.
You visited 1 branch of the dungeon, and saw 10 of its levels.

You collected 574 gold pieces.
You spent 375 gold pieces at shops.

Inventory:

Missiles
 C - 2 throwing nets
Armour
 l - a +0 pair of boots (worn)
 s - a +0 cloak (worn)
 B - a +2 pair of gloves (worn)
Jewellery
 f - a ring of flight
 j - a ring of resist corrosion
 o - a ring of ice
 q - a ring of poison resistance
 r - a ring of see invisible
 t - a ring of willpower (left hand)
 u - an amulet of regeneration
 v - a ring of protection from fire
 A - a +6 ring of strength
 G - the amulet of Maugiam (around neck) {Acrobat Will+ Dex+4}
   (You acquired it on level 10 of the Dungeon)

   [amulet of the acrobat]

   It increases your evasion while moving and waiting.
   Dex:       It affects your dexterity (+4).
   Will:      It increases your willpower.
 J - a ring of willpower (right hand)
Wands
 c - a wand of roots (10)
 w - a wand of flame (23)
 D - a wand of light (5)
 H - a wand of polymorph (5)
Scrolls
 b - 3 scrolls of magic mapping
 d - 3 scrolls of poison
 e - a scroll of enchant weapon
 g - 3 scrolls of teleportation
 m - 2 scrolls of blinking
 y - 2 scrolls of silence
 F - a scroll of torment
Potions
 h - 3 potions of haste
 i - a potion of lignification
 k - 2 potions of attraction
 n - a potion of curing
 p - 2 potions of brilliance
 x - 3 potions of flight
 z - 2 potions of magic
 E - a potion of invisibility {unknown}
 I - 4 potions of ambrosia
Miscellaneous
 a - a piece from Xom's chessboard (7/15) (quivered)


   Skills:
 + Level 7.1 Fighting
 + Level 5.4 Dodging
 - Level 14.0 Unarmed Combat
 - Level 10.9 Evocations


You had 10 spell levels left.
You didn't know any spells.
Your spell library contained the following spells:

 Spells                   Type           Power      Damage    Failure   Level
 Apportation              Tloc           0%         N/A       30%         1
 Magic Dart               Conj           0%         1d3       30%         1
 Necrotise                Necr           0%         1d4       30%         1
 Sandblast                Erth           0%         2d4       30%         1
 Sting                    Tmut/Pois      0%         1d3       30%         1
 Summon Small Mammal      Summ           0%         N/A       30%         1
 Blink                    Tloc           0%         N/A       43%         2
 Passwall                 Tmut/Erth      0%         N/A       43%         2
 Poisonous Vapours        Pois/Air       0%         N/A       43%         2
 Searing Ray              Conj           0%         2d4       43%         2
 Static Discharge         Conj/Air       0%         2-2/arc   43%         2
 Portal Projectile        Hex/Tloc       0%         N/A       67%         3
 Stone Arrow              Conj/Erth      0%         3d7       67%         3
 Tukima's Dance           Hex            0%         N/A       67%         3
 Vampiric Draining        Necr           0%         2d6       67%         3
 Vhi's Electric Charge    Tloc/Air       0%         N/A       67%         3
 Fulminant Prism          Conj/Hex       0%         3d6       97%         4
 Manifold Assault         Tloc           0%         N/A       97%         4
 Olgreb's Toxic Radiance  Pois           0%         N/A       97%         4
 Agony                    Necr           0%         N/A       100%        5
 Arcjolt                  Conj/Air       0%         1d10      100%        5
 Blade Hands              Tmut           0%         N/A       100%        5
 Lightning Bolt           Conj/Air       0%         1d11      100%        5
 Storm Form               Tmut/Air       0%         N/A       100%        7


Dungeon Overview and Level Annotations

Branches:
Dungeon (10/15)            Temple (0/1) D:7            Lair (0/5) D:10
    Orc (0/2) D:10

Altars:
Cheibriados
Fedhas
Vehumet
Wu Jian
Xom
Zin
The Shining One

Shops:
D:3 :   D:7 [=(   D:9 [


Innate Abilities, Weirdness & Mutations

You can breathe wild blasts of lightning.
Your glossy black scales are hard. (AC +7)
You cannot fit into any form of body armour.
You are resistant to electric shocks. (rElec)
You are cold-blooded and may be slowed by cold attacks.
You are very frail. (-20% HP)
You are weak. (Str -2)


Message History

You are too injured to fight recklessly!
You are too injured to fight recklessly!
Unknown command.
You hit the orc warrior but do no damage.
The orc warrior is heavily wounded.
The orc misses you. The orc warrior barely misses you.
You punch the orc warrior! You punch the orc warrior.
The orc warrior is almost dead.
You hit the orc warrior but do no damage.
You tail-slap the orc warrior, but do no damage.
The orc warrior is almost dead.
The orc hits you but does no damage.
The orc warrior hits you with a +0 dire flail!
* * * LOW HITPOINT WARNING * * *
A wight comes into view. It is wielding a +4 hand axe.
You hit the orc warrior.
You kill the orc warrior!
The orc misses you. The orc priest barely misses you.
Your life force feels restored.
Unknown command.
You punch the orc!
You kill the orc!
The orc priest completely misses you. The orc hits you but does no damage.
You punch the orc!
You kill the orc!
You punch the orc!
You kill the orc!
The orc priest misses you.
As you read the scroll of teleportation, it crumbles to dust.
You feel strangely unstable. The orc priest closely misses you.
The orc priest sings a few bars from the Orcish anthem.
The orc priest calls down the wrath of Beogh upon you.
Beogh smites you!
* * * LOW HITPOINT WARNING * * *
Xom thinks this is hilarious!
The orc priest miscasts a cantrip.
The orc priest calls down the wrath of Beogh upon you.
Beogh smites you!
You die...
Xom howls with laughter!

.##...#...#..###..##.....(..#....
###......##...##.###.......#####.
.........#.................######
.......... ......................
.....##... .....................
......##.####..#.. #.............
......##..#...##.###.............
......##.......#..###............
......##....>...@.# ##...........
....##..........K.## #.......[o..
........#.......#..###.....#####.
....#..####.....##oo#.........###
...##..# #..###....)oz.........#
...#...# #..# #.####o........###
............##..###...#."##....#
..........##.#.......##..##......
.......... . #.....###..........


You could see a kobold demonologist, a wight, 2 orc priests and 2 orcs.

Vanquished Creatures
  Harold (D:10)
  Erica (D:9)
  A two-headed ogre (D:5)
  A gargoyle (D:9)
  Joseph (D:8)
  A kobold demonologist (D:9)
  A komodo dragon (D:9)
  2 trolls
  A queen bee (D:9)
  A blink frog (D:10)
  A culicivora (D:10)
  A vampire (D:9)
  A wyvern (D:8)
  A yak (D:9)
  3 steam dragons
  An ice beast (D:5)
  2 sky beasts
  2 black bears
  2 ogres
  4 orc warriors
  4 wolves (D:10)
  A boggart (D:7)
  5 centaurs
  3 kobold brigands
  2 necrophages (D:6)
  3 bullfrogs
  A scorpion (D:6)
  8 wights
  28 killer bees
  2 howler monkeys (D:9)
  An electric eel (D:10)
  5 hounds
  A jelly (D:6)
  A gnoll bouda (D:9)
  6 orc priests
  Crazy Yiuf (D:6)
  Ijyb (D:3)
  5 iguanas
  16 orc wizards
  18 gnolls
  10 adders
  A shadow imp (D:8)
  A white imp (D:6)
  2 ufetubi (D:5)
  3 worms
  2 dart slugs
  41 orcs
  9 bats
  8 endoplasms
  5 giant cockroaches
  3 hobgoblins (D:1)
  2 jackals (D:2)
  6 ball pythons
  3 frilled lizards
  6 goblins
  12 kobolds
  7 rats
262 creatures vanquished.

Notes
Turn   | Place    | Note
-------+----------+-------------------------------------------
     0 | D:1      | Angani the Draconian Chaos Knight began the quest for the
                  | Orb.
     0 | D:1      | Reached XP level 1. HP: 19/19 MP: 1/1
    91 | D:1      | Reached XP level 2. HP: 24/26 MP: 2/2
   161 | D:1      | XOM: potion effect (brilliance)
   317 | D:1      | Found a faded altar of an unknown god.
   495 | D:2      | Reached XP level 3. HP: 28/31 MP: 3/3
   714 | D:2      | XOM: silly message
   967 | D:2      | XOM: noise
   976 | D:2      | Reached skill level 4 in Unarmed Combat
  1044 | D:2      | Reached XP level 4. HP: 22/40 MP: 4/4
  1284 | D:2      | XOM is BORED!
  1284 | D:2      | XOM: noise
  1393 | D:3      | Found a glowing golden altar of the Shining One.
  1407 | D:3      | Noticed Ijyb
  1409 | D:3      | XOM: potion effect (invisibility)
  1443 | D:3      | Killed Ijyb
  1516 | D:3      | XOM: 1-stop teleportation journey
  1636 | D:3      | XOM: blink monster(s)
  1643 | D:3      | Reached XP level 5. HP: 9/46 MP: 5/5
  1919 | D:3      | Found Potening's Book Boutique.
  2057 | D:3      | XOM: draining
  2089 | D:3      | XOM: summons 2 hostile demons
  2559 | D:4      | Noticed a centaur
  2599 | D:4      | XOM: 4-stop teleportation journey
  2609 | D:4      | Killed a centaur
  2610 | D:4      | Reached skill level 5 in Unarmed Combat
  2610 | D:4      | Reached XP level 6. HP: 14/53 MP: 6/6
  2662 | D:4      | XOM: 1-stop teleportation journey
  3240 | D:4      | XOM: stat loss: -1 Str (13/14)
  3252 | D:4      | Found a snail-covered altar of Cheibriados.
  3326 | D:4      | Found a shimmering altar of Xom.
  3333 | D:4      | Reached skill level 5 in Fighting
  3534 | D:4      | XOM: give mutations
  3534 | D:4      | Gained mutation: You are frail. (-10% HP) [Xom's mischief]
  3534 | D:4      | Gained mutation: Your body sometimes deteriorates upon
                  | taking damage. [Xom's mischief]
  3723 | D:4      | XOM: smoke on damage
  3746 | D:4      | XOM: summons 4 hostile demons
  3747 | D:4      | Noticed a chaos spawn
  3947 | D:5      | Entered Level 5 of the Dungeon
  3948 | D:5      | XOM: enchant monster (bad)
  4071 | D:5      | Reached skill level 6 in Unarmed Combat
  4110 | D:5      | Found a blossoming altar of Fedhas.
  4140 | D:5      | XOM: 1-stop teleportation journey
  4141 | D:5      | XOM: silly message
  4161 | D:5      | Your scales start taking on a glossy black colour.
  4161 | D:5      | Reached XP level 7. HP: 51/54 MP: 7/7
  4161 | D:5      | Gained mutation: You are resistant to electric shocks.
                  | (rElec) [Black Draconian growth]
  4568 | D:5      | XOM: summons 3 hostile shadow creatures
  4759 | D:5      | Reached skill level 14 in Unarmed Combat
  4759 | D:5      | Reached XP level 8. HP: 61/61 MP: 8/8
  4764 | D:5      | Noticed a troll
  4782 | D:5      | XOM: divination: magic mapping
  4786 | D:5      | Killed a troll
  4917 | D:5      | Noticed a two-headed ogre
  4931 | D:5      | XOM: cast spell 'Olgreb's Toxic Radiance'
  4935 | D:5      | Killed a two-headed ogre
  4936 | D:5      | Reached XP level 9. HP: 66/66 MP: 9/9
  4946 | D:5      | Identified the +2 robe "Totod" {Will+ Str-3 Int+3}
  4948 | D:5      | XOM: potion effect (curing)
  5405 | D:6      | Found an ornate altar of the Wu Jian Council.
  5405 | D:6      | Found a glowing silver altar of Zin.
  5420 | D:6      | Reached skill level 5 in Evocations
  5926 | D:6      | XOM: silly message
  5958 | D:6      | XOM: summons 4 hostile shadow creatures
  6136 | D:6      | XOM: give mutations
  6136 | D:6      | Gained mutation: You are very frail. (-20% HP) [Xom's
                  | mischief]
  6136 | D:6      | Gained mutation: You are weak. (Str -2) [Xom's mischief]
  6136 | D:6      | Lost mutation: Your body sometimes deteriorates upon taking
                  | damage. [Xom's mischief]
  6181 | D:6      | Found a runed translucent door.
  6182 | D:6      | Noticed Crazy Yiuf
  6207 | D:6      | XOM: give mutation
  6207 | D:6      | Gained mutation: You are extremely frail. (-30% HP) [Xom's
                  | mischief]
  6322 | D:6      | XOM: summons 5 hostile demons
  6564 | D:6      | Killed Crazy Yiuf
  6656 | D:7      | XOM: fog
  6700 | D:7      | Found Deenoli's Antique Armour Shop.
  6704 | D:7      | Found Onokkaor's Jewellery Shoppe.
  6704 | D:7      | Found Eheditzu's Antique Weapon Emporium.
  6712 | D:7      | XOM: swap monsters
  6832 | D:7      | Bought a ring of willpower for 375 gold pieces
  6984 | D:7      | XOM: cleaving
  7057 | D:7      | Lost mutation: You are extremely frail. (-30% HP) [potion
                  | of mutation]
  7057 | D:7      | Lost mutation: You are very frail. (-20% HP) [potion of
                  | mutation]
  7057 | D:7      | Lost mutation: You are frail. (-10% HP) [potion of
                  | mutation]
  7057 | D:7      | Gained mutation: You have large cloven feet. [potion of
                  | mutation]
  7057 | D:7      | Gained mutation: Your large and strong wings let you fly.
                  | [potion of mutation]
  7057 | D:7      | Gained mutation: You have a pair of small horns on your
                  | head. [potion of mutation]
  7155 | D:7      | XOM: polymorph killer bee -> boggart
  7189 | D:7      | Lost mutation: You are weak. (Str -2) [potion of mutation]
  7189 | D:7      | Lost mutation: You have a pair of small horns on your head.
                  | [potion of mutation]
  7189 | D:7      | Lost mutation: You have large cloven feet. [potion of
                  | mutation]
  7189 | D:7      | Gained mutation: You do not regenerate when monsters are
                  | visible. [potion of mutation]
  7230 | D:7      | Found a staircase to the Ecumenical Temple.
  7345 | D:8      | XOM: silly message
  7357 | D:8      | Identified the +5 trident of Laefa {drain, rF+ Str+5
                  | Stlth+}
  7362 | D:8      | XOM: potion effect (heal wounds)
  7368 | D:8      | Reached XP level 10. HP: 73/81 MP: 10/10
  7373 | D:8      | XOM: 3-stop teleportation journey
  7374 | D:8      | Noticed Joseph
  7388 | D:8      | Killed Joseph
  7806 | D:8      | XOM: noise
  8127 | D:9      | Noticed Erica
  8131 | D:9      | XOM: enchant monster (bad)
  8356 | D:9      | XOM: chaos upgrade
  8364 | D:9      | Killed Erica
  8455 | D:9      | You are sucked into a shaft and drop 1 floor!
  8455 | D:10     | Entered Level 10 of the Dungeon
  8516 | D:9      | XOM: potion effect (berserk rage)
  8632 | D:9      | XOM: potion effect (curing)
  8633 | D:9      | XOM: divination: detect creatures
  8756 | D:9      | Reached skill level 10 in Evocations
  8774 | D:9      | XOM: silly message
  8782 | D:9      | Lost mutation: You do not regenerate when monsters are
                  | visible. [potion of mutation]
  8782 | D:9      | Lost mutation: Your large and strong wings let you fly.
                  | [potion of mutation]
  8782 | D:9      | Gained mutation: You have large cloven feet. [potion of
                  | mutation]
  8796 | D:9      | XOM: enchant monster (good)
  8965 | D:9      | Found Robup's Armour Shop.
  9086 | D:9      | XOM: 3-stop teleportation journey
  9199 | D:9      | Reached XP level 11. HP: 62/88 MP: 11/11
  9426 | D:9      | Found a radiant altar of Vehumet.
  9552 | D:10     | Found a staircase to the Lair.
  9630 | D:10     | XOM: potion effect (invisibility)
  9631 | D:10     | XOM: polymorph troll -> culicivora
  9680 | D:10     | XOM: confusion
  9682 | D:10     | XOM: polymorph troll -> blink frog
  9698 | D:10     | XOM: repel stairs
  9762 | D:10     | Identified a scroll of acquirement
  9763 | D:10     | Acquired the amulet of Maugiam {Acrobat Will+ Dex+4}
  9820 | D:10     | Noticed Harold
  9829 | D:9      | XOM: noise
  9833 | D:9      | XOM: give mutations
  9833 | D:9      | Lost mutation: You have large cloven feet. [Xom's mischief]
  9833 | D:9      | Gained mutation: You are frail. (-10% HP) [Xom's mischief]
  9833 | D:9      | Gained mutation: You are weak. (Str -2) [Xom's mischief]
  9833 | D:9      | Gained mutation: You are very frail. (-20% HP) [Xom's
                  | mischief]
 10037 | D:10     | XOM: draining
 10041 | D:10     | Killed Harold
 10042 | D:10     | Reached skill level 5 in Dodging
 10271 | D:10     | Found a staircase to the Orcish Mines.
 10279 | D:10     | XOM: silly message
 10322 | D:10     | Killed from afar by an orc priest

Illustrated notes

Levels and vault maps discovered:
D:1:      dpeg_arrival_court, layout_rooms, basic_ecumenical_altar
D:2:      layout_basic
D:3:      layout_basic, mainiacjoe_overflow_alcove_2, serial_shops, shop,
          hangedman_decor_riveting, uniq_ijyb
D:4:      layout_basic, mainiacjoe_overflow_chevrons,
          mainiacjoe_overflow_alcove_4
D:5:      kennysheep_big_flooded_room, layout_basic, lemuel_round_altar,
          grunt_decor_one_mirror
D:6:      layout_loops_ring, nicolae_overflow_two_pavilions, st_stairs_3,
          uniq_crazy_yiuf_cottage
D:7:      layout_rooms, minmay_temple_entry_fiery, eino_tiny_chamber,
          nicolae_wooded_promenade
D:8:      layout_basic, uniq_joseph
D:9:      kennysheep_blocky_hall, layout_basic, mainiacjoe_overflow_boulevard,
          special_room [special_room_bee], serial_shops, shop, minivault_10,
          interstate_on_off, grunt_ogre_cave, chequers_serial_rivers_small_b,
          uniq_erica
D:10:     layout_cave_pools, erik_lair_island, david_orc_5,
          minmay_variable_closet, chequers_hall_statues_wall_a, uniq_harold

Skill      XL: |  1  2  3  4  5  6  7  8  9 10 11 |
---------------+----------------------------------+-----
Unarmed Combat | 4 5 6 14 | 14.0
Fighting       | 4 5 7 |  7.1
Dodging        | 3 5 |  5.4
Evocations     | 4 7 10 | 10.9

Action                   |  1- 3 |  4- 6 |  7- 9 | 10-12 || total
-------------------------+-------+-------+-------+-------++-------
Melee: Unarmed           |   129 |   240 |   222 |   347 ||   938
       Tailslap          |     9 |    41 |    34 |    46 ||   130
       Punch             |     3 |    11 |    10 |    21 ||    45
       Headbutt          |       |       |     2 |       ||     2
 Abil: Breathe Lightning |       |       |     8 |    15 ||    23
Evoke: Piece from Xom's  |       |    17 |       |    14 ||    31
       Wand              |       |     2 |       |     1 ||     3
  Use: Scroll            |     4 |     9 |     4 |     9 ||    26
       Potion            |     2 |     4 |     3 |     4 ||    13
 Stab: Petrified         |       |    24 |       |       ||    24
       Invisible         |       |     2 |       |     5 ||     7
       Sleeping          |       |     1 |     1 |       ||     2
       Paralysed         |       |     8 |       |       ||     8
       Petrifying        |       |     1 |       |       ||     1
Armor: Skin              |    37 |    55 |    71 |   127 ||   290
Dodge: Dodged            |    86 |   130 |   136 |   240 ||   592

Table legend: (Time is in decaauts)
 A = Elapsed time spent in this place.
 B = Non-inter-level travel time spent in this place.
 C = Inter-level travel time spent in this place.
 D = Time resting spent in this place.
 E = Time spent auto-exploring this place.
 F = Levels seen in this place.
 G = Mean time per level.
                   A        B        C        D        E       F      G
               +--------+--------+--------+--------+--------+-----+--------+
         Total |  10162 |   9853 |    309 |   2615 |   5308 |  10 | 1016.2 |
       Dungeon |  10162 |   9853 |    309 |   2615 |   5308 |  10 | 1016.2 |
               +--------+--------+--------+--------+--------+-----+--------+

Top non-repeatable levels by time:
     D:4: 1807 daAuts
     D:9: 1406 daAuts
     D:6: 1328 daAuts
     D:5: 1102 daAuts
     D:3: 1051 daAuts
     D:8: 1008 daAuts
     D:2: 825 daAuts
     D:7: 634 daAuts
    D:10: 517 daAuts
     D:1: 481 daAuts
